 Dungeon Crawl Stone Soup version 0.29.0-15-g675c0067aa (webtiles) character file.

Game seed: 8245693032099687520

9 qw the Sneak (level 2, -2/19 HPs)
             Began as a Gargoyle Delver on Sept 11, 2022.
             Killed from afar by a white imp (4 damage)
             ... with a puff of frost
             ... on level 5 of the Dungeon.
             The game lasted 00:00:01 (132 turns).

qw the Sneak (Gargoyle Delver)                       Turns: 132, Time: 00:00:01

Health: -2/19      AC:  5    Str: 15    XL:     2   Next: 12%
Magic:  2/2        EV: 11    Int: 10    God:
Gold:   20         SH:  0    Dex: 11    Spells: 1/1 levels left

rFire   . . .      SeeInvis .   a - +0 hand axe
rCold   . . .      Faith    .   (no shield)
rNeg    + . .      Spirit   .   b - +0 leather armour
rPois   inf        Reflect  .   (no helmet)
rElec   +          Harm     .   (no cloak)
rCorr   .          Rampage  .   (no gloves)
Will    .....                   (no boots)
Stlth   +++.......              (no amulet)
HPRegen 0.06/turn               (no ring)
MPRegen 0.08/turn               (no ring)

@: no status effects
A: sickness immunity, AC +2, negative energy resistance 1, electricity
resistance, torment resistance 1, petrification resistance
a: no special abilities


You were on level 5 of the Dungeon.
You visited 1 branch of the dungeon, and saw 1 of its levels.

You collected 20 gold pieces.


Innate Abilities, Weirdness & Mutations

You are immune to sickness and miasma.
Your stone body is resilient. (AC +2)
You are immune to poison.
You resist negative energy. (rN+)
You are resistant to electric shocks. (rElec)
You are resistant to unholy torment.
You are immune to petrification.


   Skills:
 - Level 3.2 Fighting
 + Level 2.5 Axes
 - Level 1.5 Dodging
 - Level 5.4 Stealth


You had one spell level left.
You didn't know any spells.
Your spell library was empty.

Inventory:

Hand Weapons
 a - a +0 hand axe (weapon)
Armour
 b - a +0 leather armour (worn)
Wands
 g - a wand of digging (3)
Scrolls
 c - a scroll of fog
 d - a scroll of magic mapping
 e - a scroll of fear
Potions
 f - a potion of haste

Dungeon Overview and Level Annotations

Branches:
Dungeon (5/15)
 Temple: D:4-7

Altars:


Message History

The centaur kicks you but does no damage.
The adder closely misses you. The white imp gestures at you.
The puff of frost misses you.
You slash the adder!
You kill the adder!
You hit the white imp. You hit the centaur but do no damage.
The centaur hits you but does no damage.
The centaur kicks you but does no damage.
The centaur hits you. The centaur closely misses you.
The white imp hits you but does no damage.
Your Axes skill increases to level 2!
You have reached level 2!
You barely miss the white imp.
The white imp is heavily wounded.
You closely miss the centaur. The centaur barely misses you.
The centaur closely misses you. The white imp closely misses you.
The centaur hits you.
The centaur kicks you but does no damage.
You hit the white imp but do no damage.
The white imp is heavily wounded.
You hit the centaur. The centaur barely misses you.
The centaur kicks you but does no damage.
The white imp hits you but does no damage.
The centaur misses you. The centaur barely misses you.
You hit the white imp but do no damage.
The white imp is heavily wounded.
You hit the centaur but do no damage.
The centaur hits you but does no damage.
The centaur closely misses you. The white imp gestures at you.
The puff of frost misses you.
You hit the white imp but do no damage.
The white imp is heavily wounded.
You hit the centaur.
The centaur hits you but does no damage.
The centaur barely misses you. The white imp gestures at you.
The puff of frost hits you.
You die...

##........#
#........#
#........#
#####....##
##....#
##...#
#...##
#....#
#@..##
#..5.c##
.........#
.#.#.#.#.#
.........#
.#.#.#.#..
..........
.#.#.#.#...


You could see a centaur and a white imp.

Vanquished Creatures
  An adder (D:5)
1 creature vanquished.

Notes
Turn   | Place    | Note
-------+----------+-------------------------------------------
     0 | D:5      | qw the Gargoyle Delver began the quest for the Orb.
     0 | D:5      | Reached XP level 1. HP: 14/14 MP: 1/1
     0 | D:5      | 0 ||| qw: Version: 0.1-a-117-gfe26ee0
     0 | D:5      | 0 ||| qw: Game counter: 10133
     0 | D:5      | 0 ||| qw: Always use a shield: true
     0 | D:5      | 0 ||| qw: God list: Okawaru
     0 | D:5      | 0 ||| qw: Allow faded altars: false
     0 | D:5      | 0 ||| qw: Do Orc after D:15 true
     0 | D:5      | 0 ||| qw: Do second Lair branch before Depths: true
     0 | D:5      | 0 ||| qw: Lair rune preference: random
     0 | D:5      | 0 ||| qw: Plans: Normal
     0 | D:5      | 0 ||| PLANNING D:1-11
    19 | D:5      | 19 ||| Stepping ~*~*~tactically~*~*~ (hiding).
   120 | D:5      | Noticed a centaur
   121 | D:5      | 121 ||| Stepping ~*~*~tactically~*~*~ (hiding).
   129 | D:5      | Reached XP level 2. HP: 5/19 MP: 2/2
   129 | D:5      | HP: 2/19 [centaur (3)]
   132 | D:5      | Killed from afar by a white imp

Levels and vault maps discovered:
D:5:      layout_layer_cave, serial_glass, glass_columns_a, glass_columns_c,
          item_on_display_a, uniq_pikel, uniq_blork_the_orc, uniq_duvessa

Skill      XL: |  1 |
---------------+----+-----
Axes           | 2 |  2.5
Fighting       | |  3.2
Dodging        | |  1.5
Stealth        | |  5.4

Action                   || total
-------------------------++-------
Melee: Hand axe          ||     9
Armor: Leather armour    ||    14
Dodge: Dodged            ||    27

Table legend:
 A = Non-vault XP
 B = Vault XP
 C = Vault XP percentage of total XP
 D = Non-vault monster count
 E = Vault monster count
 F = Vault count percentage of total count
                 A         B        C        D         E       F
            +---------+---------+-------+---------+---------+-------
      Total |      13 |       0 |   0.0 |       1 |       0 |   0.0
            +---------+---------+-------+---------+---------+-------
        D:5 |      13 |       0 |   0.0 |       1 |       0 |   0.0
            +---------+---------+-------+---------+---------+-------
